 Dungeon Crawl Stone Soup version 0.28-a0-1206-g193881aaa2 (webtiles) character file.

Game seed: 2429027145160376957

2403 leviel the Cleaver (level 9, -4/79 HPs)
             Began as a Hill Orc Fighter on Dec 21, 2021.
             Slain by a white ugly thing (10 damage)
             ... on level 7 of the Dungeon.
             The game lasted 00:08:13 (6667 turns).

leviel the Cleaver (Hill Orc Fighter)               Turns: 6667, Time: 00:08:13

Health: -4/79      AC: 14    Str: 23    XL:     9   Next: 47%
Magic:  9/9        EV:  7    Int:  8    God:
Gold:   319        SH:  5    Dex: 10    Spells: 8/8 levels left

rFire   . . .      SeeInvis .   f - +4 hand axe (freeze)
rCold   . . .      Faith    .   c - +0 buckler
rNeg    . . .      Spirit   .   u - +0 plate armour
rPois   .          Reflect  .   (no helmet)
rElec   .          Harm     .   (no cloak)
rCorr   +          Rampage  .   (no gloves)
Will    .....                   B - +0 pair of boots
Stlth   ..........              (no amulet)
HPRegen 0.23/turn               q - ring of resist corrosion
MPRegen 0.11/turn               (no ring)

@: no status effects
A: no striking features
a: no special abilities


You were on level 7 of the Dungeon.
You visited 1 branch of the dungeon, and saw 7 of its levels.

You collected 319 gold pieces.

Inventory:

Hand Weapons
 a - a +0 war axe
 f - a +4 hand axe of freezing (weapon)
Missiles
 r - 2 throwing nets (quivered)
Armour
 b - a +0 scale mail
 c - a +0 buckler (worn)
 u - a +0 plate armour (worn)
 B - a +0 pair of boots (worn)
Jewellery
 q - a ring of resist corrosion (left hand)
 t - a ring of ice {rC+ rF-}
 y - a +6 ring of intelligence
Wands
 o - a wand of iceblast (4)
 v - a wand of flame (9)
Scrolls
 e - a scroll of immolation {unknown}
 h - 2 scrolls of teleportation
 i - 8 scrolls of identify {@r1}
 l - 3 scrolls of magic mapping {unknown}
 n - a scroll of enchant weapon {@r3}
 p - 2 scrolls of blinking {unknown}
 s - 3 scrolls of fog
 w - a scroll of fear {unknown}
 A - a scroll of silence {unknown}
 C - a scroll of enchant armour {unknown}
Potions
 d - a potion of might
 g - a potion of heal wounds
 j - 2 potions of attraction {unknown}
 k - a potion of cancellation {unknown}
 m - 3 potions of mutation {unknown}
 x - a potion of lignification {unknown}
 z - a potion of brilliance {unknown}
 D - a potion of invisibility {unknown}


   Skills:
 + Level 7.6 Fighting
 * Level 10.6 Axes
 + Level 6.9 Armour
 + Level 6.9 Shields


You had 8 spell levels left.
You didn't know any spells.
Your spell library contained the following spells:

 Spells                   Type           Power      Damage    Failure   Level
 Animate Skeleton         Necr           0%         N/A       100%        1
 Pain                     Necr           0%         1d4       100%        1
 Sublimation of Blood     Necr           0%         N/A       100%        2
 Gell's Gravitas          Tloc           0%         N/A       100%        3
 Lesser Beckoning         Tloc           0%         N/A       100%        3
 Portal Projectile        Hex/Tloc       0%         N/A       100%        3
 Teleport Other           Tloc           0%         N/A       100%        3
 Vampiric Draining        Necr           0%         2d6       100%        3
 Petrify                  Tmut/Erth      0%         N/A       100%        4
 Blade Hands              Tmut           0%         N/A       100%        5
 Excruciating Wounds      Necr           0%         N/A       100%        5
 Irradiate                Conj/Tmut      0%         3d14      100%        5
 Metabolic Englaciation   Hex/Ice        0%         N/A       100%        5
 Statue Form              Tmut/Erth      0%         N/A       100%        6


Dungeon Overview and Level Annotations

Branches:
Dungeon (7/15)             Temple (0/1) D:6

Altars:
Zin

Shops:
D:1 ?   D:7 *[[

Annotations:
D:5 1 runed translucent door, Crazy Yiuf


Message History

The acid dragon is moderately wounded.
The acid dragon spits acid at you. The splash of acid hits you! You resist.
You slash the acid dragon! You freeze the acid dragon.
The acid dragon is almost dead.
The acid dragon bites you!
The acid dragon claws you but does no damage.
You hit the acid dragon. You freeze the acid dragon.
You kill the acid dragon!
No target in view!
No target in view!
No target in view!
No target in view!
No target in view!
No target in view!
No target in view!
No target in view!
No target in view!
No target in view!
You see here an acid dragon corpse.
You see here an acid dragon corpse.
D - a yellow potion A white ugly thing comes into view.
The white ugly thing gurgles horribly!
A white ugly thing is nearby!
The white ugly thing gores you. The white ugly thing freezes you!!
You are too injured to fight recklessly!
You are too injured to fight recklessly!
You are too injured to fight recklessly!
You are too injured to fight recklessly!
You are too injured to fight recklessly!
You are too injured to fight recklessly!
You are too injured to fight recklessly!
You are too injured to fight recklessly!
You closely miss the white ugly thing. The white ugly thing gores you!
The white ugly thing freezes you!!
* * * LOW HITPOINT WARNING * * *
You block the white ugly thing's attack.
The white ugly thing gores you!
You die...

## ##. ##.. ###############...
#.................
#.##'#########...# #### #.##.##
##... ...# #u#8.8# #.#.
...#############@##.## #.##
..##.............##.## #...
...........#######8.8# #...
.....>.....# ##.## #..#
..##.......# ##.## #...
..##.......# #8.8# ##..
..##....#### ##.###########.#
..##....##8##8##8##.##8##8##8##..
...#....'........?............'.#


You could see a white ugly thing.

Vanquished Creatures
  A centaur zombie (D:6)
  A troll (D:7)
  Eustachio (D:6)
  An acid dragon (D:7)
  A water moccasin (D:6)
  2 black bears (D:6)
  2 orc warriors
  A necrophage (D:6)
  A sky beast (D:5)
  A hornet zombie (D:6)
  An ogre (D:5)
  A phantom (D:5)
  A scorpion (D:6)
  A wyvern skeleton (D:6)
  A howler monkey (D:6)
  2 jellies
  3 hounds
  A bullfrog skeleton (D:6)
  3 iguanas
  An orc wizard (D:7)
  5 gnolls
  2 howler monkey skeletons (D:6)
  7 adders
  2 white imps (D:5)
  An adder skeleton (D:4)
  3 worms
  3 dart slugs
  17 orcs
  7 ball pythons
  7 endoplasms
  2 giant cockroaches (D:1)
  9 hobgoblins
  7 kobolds
  2 quokkas
  6 bats
  17 frilled lizards
  11 goblins
  4 rats
139 creatures vanquished.

Vanquished Creatures (others)
  3 plants (D:2)
3 creatures vanquished.

Grand Total: 142 creatures vanquished

Notes
Turn   | Place    | Note
-------+----------+-------------------------------------------
     0 | D:1      | leviel the Hill Orc Fighter began the quest for the Orb.
     0 | D:1      | Reached XP level 1. HP: 19/19 MP: 1/1
    52 | D:1      | Reached skill level 3 in Axes
   223 | D:1      | Reached XP level 2. HP: 16/27 MP: 2/2
   360 | D:1      | Found Keidul's Magic Scroll Shop.
   695 | D:1      | Reached XP level 3. HP: 33/33 MP: 3/3
  1035 | D:2      | Reached skill level 4 in Axes
  1056 | D:2      | Reached XP level 4. HP: 40/40 MP: 4/4
  1509 | D:2      | Found a glowing silver altar of Zin.
  2047 | D:3      | Reached XP level 5. HP: 38/47 MP: 5/5
  2438 | D:4      | Reached skill level 5 in Axes
  2652 | D:4      | Reached XP level 6. HP: 44/55 MP: 6/6
  3091 | D:5      | Entered Level 5 of the Dungeon
  3568 | D:5      | Reached skill level 5 in Fighting
  3687 | D:5      | Reached skill level 6 in Axes
  3697 | D:5      | Reached XP level 7. HP: 32/61 MP: 7/7
  4063 | D:5      | Reached skill level 5 in Shields
  4105 | D:5      | Reached skill level 7 in Axes
  4105 | D:5      | Reached skill level 5 in Armour
  4284 | D:5      | Found a runed translucent door.
  4285 | D:5      | Noticed Crazy Yiuf
  4553 | D:6      | Reached skill level 8 in Axes
  4553 | D:6      | Reached XP level 8. HP: 54/70 MP: 8/8
  4837 | D:6      | Noticed Eustachio
  4859 | D:6      | Killed Eustachio
  4860 | D:6      | Reached skill level 9 in Axes
  5228 | D:6      | Reached XP level 9. HP: 73/79 MP: 9/9
  5489 | D:6      | Reached skill level 10 in Axes
  5646 | D:6      | Found a staircase to the Ecumenical Temple.
  5875 | D:7      | Found Qyfryel's General Store.
  6194 | D:7      | Found Sati's Armour Boutique.
  6198 | D:7      | Found Zutzu's Armour Emporium.
  6418 | D:7      | Noticed a troll
  6424 | D:7      | Killed a troll
  6644 | D:7      | Noticed a white ugly thing
  6646 | D:7      | HP: 2/79 [white ugly thing (35)]
  6667 | D:7      | Slain by a white ugly thing

Illustrated notes

Levels and vault maps discovered:
D:1:      wander_arrival_peaceful_grave, layout_basic, serial_shops,
          nicolae_shop_waterfront
D:2:      minmay_recursive_quarters, layout_loops_ring, basic_altar,
          minmay_lizard_king
D:3:      cheibrodos_helix_gallery, layout_rooms, st_stairs_2
D:4:      layout_gridville
D:5:      layout_basic, uniq_crazy_yiuf_cottage
D:6:      layout_basic, minmay_temple_entry_crystal_x, uniq_eustachio
D:7:      layout_gridville, serial_shops, shop, shop, shop,
          nicolae_inconvenience_store, shop_statue, dk_noncrumbling_2,
          minmay_misc_feat_five, kb_rosetta

Skill      XL: |  1  2  3  4  5  6  7  8  9 |
---------------+----------------------------+-----
Axes           | 3 4 5 6 8 9 10 | 10.6
Fighting       | 4 5 6 7 |  7.6
Shields        | 4 5 6 |  6.9
Armour         | 4 5 6 |  6.9

Action                   |  1- 3 |  4- 6 |  7- 9 || total
-------------------------+-------+-------+-------++-------
Melee: War axe           |     9 |       |       ||     9
       Hand axe          |    70 |   149 |   200 ||   419
  Use: Scroll            |     5 |     1 |       ||     6
       Potion            |       |       |     1 ||     1
Armor: Scale mail        |    50 |    47 |     9 ||   106
       Plate armour      |       |       |    96 ||    96
Dodge: Dodged            |    31 |    56 |    51 ||   138
Block: Buckler           |    12 |    32 |    36 ||    80

Table legend: (Time is in decaauts)
 A = Elapsed time spent in this place.
 B = Non-inter-level travel time spent in this place.
 C = Inter-level travel time spent in this place.
 D = Time resting spent in this place.
 E = Time spent auto-exploring this place.
 F = Levels seen in this place.
 G = Mean time per level.
                   A        B        C        D        E       F      G
               +--------+--------+--------+--------+--------+-----+--------+
         Total |   6660 |   6500 |    160 |   1278 |   4276 |   7 |  951.4 |
       Dungeon |   6660 |   6500 |    160 |   1278 |   4276 |   7 |  951.4 |
               +--------+--------+--------+--------+--------+-----+--------+

Top non-repeatable levels by time:
     D:6: 1403 daAuts
     D:5: 1343 daAuts
     D:2: 839 daAuts
     D:1: 838 daAuts
     D:7: 801 daAuts
     D:4: 767 daAuts
     D:3: 666 daAuts
